Map: Tours du crépuscule

Players

zidar - Winner!

  • Race: Zerg Zerg
  • League: Gold
  • Spawn Location: 1:00

MegaDevil

  • Race: Terran Terran
  • League: Gold
  • Spawn Location: 7:00

VOD

Have the link to the VOD?

Description

Time

  • Played on: June 8, 2016, 2:33 p.m.
  • Length: 13:51
Show
View Real Time Build Order
Export as new Build Order

zidar Zerg - Winner!

Build Orders: Hatch First, Muta Ling Bane 

Get SALT Encoding   

  12  0:01  Drone  
  13  0:12  Overlord  
  13  0:17  Drone  
  14  0:30  Drone x2  
  14  0:35  Drone  
  17  0:56  Hatchery  
  16  0:57  Drone  
  16  1:03  Extractor, Drone  
  17  1:26  Spawning Pool, Drone x2  
  18  1:37  Drone  
  18  1:40  Overlord  
  18  1:54  Drone  
  19  2:05  Drone  
  20  2:12  Queen x2  
  20  2:13  Metabolic Boost  
  24  2:30  Drone x4  
  28  2:48  Zergling x8  
  32  3:02  Roach Warren  
  31  3:11  Overlord x2  
  31  3:21  Spine Crawler  
  31  3:22  Spine Crawler  
  29  3:35  Zergling x4  
  29  3:36  Zergling x12  
  37  3:52  Roach x3  
  43  4:02  Overlord x2  
  43  4:20  Drone x7  
  50  4:38  Lair, Baneling Nest  
  48  5:03  Drone x7  
  55  5:10  Extractor  
  54  5:23  Extractor  
  54  5:25  Extractor  
  52  5:34  Pneumatized Carapace  
  52  5:37  Hatchery  
  51  5:45  Drone x3  
  54  5:55  Centrifical Hooks, Spire  
  53  6:07  Evolution Chamber x2  
  53  6:08  Drone  
  53  6:09  Drone x5  
  57  6:16  Queen  
  59  6:19  Baneling x2  
  59  6:20  Baneling x6  
  59  6:25  Overlord  
  59  6:56  Drone x6  
  65  7:07  Zergling x2  
  65  7:08  Zergling x14  
  73  7:11  Zerg Ground Armor Level 1, Zerg Melee Weapons Level 1  
  73  7:17  Overlord x2  
  73  7:29  Baneling x6  
  73  7:30  Baneling  
  73  7:39  Drone x3  
  73  7:42  Drone x7  
  83  7:46  Drone x3  
  86  7:57  Infestation Pit  
  85  8:00  Zerg Flyer Weapons Level 1  
  85  8:02  Mutalisk x2  
  89  8:07  Overlord x2  
  89  8:08  Overlord  
  76  8:33  Mutalisk x7  
  90  8:47  Extractor, Drone x3  
  92  8:50  Extractor  
  91  9:02  Zergling x26  
  104  9:07  Zerg Ground Armor Level 2  
  104  9:15  Queen  
  106  9:18  Baneling  
  106  9:19  Baneling x4  
  106  9:29  Drone x5  
  111  9:35  Hive  
  111  9:42  Zerg Melee Weapons Level 2  
  111  10:03  Drone x2  
  113  10:07  Overlord x2  
  113  10:08  Overlord x2  
  113  10:09  Overlord  
  113  10:11  Hatchery  
  112  10:19  Drone  
  113  10:28  Drone x2  
  115  10:35  Drone x6  
  121  10:47  Adrenal Glands  
  121  10:55  Ultralisk Cavern  
  120  10:57  Overlord x2  
  120  10:58  Overlord  
  120  11:00  Zergling x2  
  120  11:01  Zergling x30  
  120  11:03  Baneling  
  136  11:04  Baneling x3  
  136  11:05  Baneling x5  
  136  11:06  Baneling  
  136  11:35  Hatchery  
  135  12:07  Overlord  
  135  12:08  Overlord x2  
  135  12:17  Chitinous Plating  
  135  12:51  Ultralisk x5  
  153  12:52  Ultralisk x3  
  153  12:53  Ultralisk  
  153  12:56  Zergling x20  
Show
View Real Time Build Order
Export as new Build Order

MegaDevil Terran 

Build Orders:  

Get SALT Encoding   

  12  0:08  Refinery  
  12  0:18  Supply Depot  
  12  0:28  SCV  
  13  0:40  SCV  
  14  0:56  Barracks  
  15  0:57  SCV  
  15  1:22  Barracks, SCV  
  16  1:43  Orbital Command  
  16  1:49  Factory  
  16  1:50  Marine  
  17  2:07  Marine  
  18  2:08  Marine  
  19  2:19  SCV  
  20  2:25  Marine  
  20  2:26  Marine  
  22  2:32  Supply Depot  
  22  2:35  Starport  
  22  2:43  Marine  
  23  2:46  Refinery  
  23  2:54  Marine, SCV  
  27  3:01  Widow Mine  
  27  3:06  Marine  
  29  3:13  Barracks Tech Lab  
  29  3:14  Medivac  
  30  3:20  Supply Depot  
  30  3:24  Marine  
  33  3:27  SCV  
  33  3:32  Widow Mine  
  34  3:36  Combat Shield  
  34  3:37  Marine  
  35  3:44  SCV  
  36  3:59  Marine  
  36  4:00  Marine  
  38  4:04  Starport Reactor  
  38  4:05  Factory Tech Lab  
  38  4:07  SCV  
  38  4:09  Supply Depot  
  39  4:16  Marine  
  40  4:18  Marauder  
  42  4:34  Marine  
  42  4:35  SCV  
  44  4:39  Marine  
  37  5:14  Marine x2  
  37  5:17  Stimpack  
  37  5:21  Hellion  
  41  5:22  Medivac  
  41  5:23  Medivac  
  45  5:35  Command Center  
  45  5:49  Hellion, Engineering Bay  
  47  5:50  Marine  
  47  5:51  Marine  
  47  5:55  Refinery  
  47  5:56  SCV  
  50  5:57  Refinery  
  50  6:08  Marine, SCV  
  50  6:09  Marine, Barracks  
  53  6:16  Supply Depot  
  53  6:26  Hellion  
  53  6:32  Marine  
  58  6:56  Widow Mine  
  58  6:59  Missile Turret  
  58  7:11  Orbital Command  
  58  7:21  Missile Turret  
  58  7:32  Marine  
  58  7:33  Marauder  
  61  7:38  SCV  
  61  7:39  SCV  
  63  7:50  Marine  
  64  7:53  Terran Infantry Armor Level 1  
  64  7:55  Marauder  
  66  8:03  Barracks Reactor  
  66  8:09  Command Center  
  66  8:11  Medivac  
  47  8:36  Marine  
  47  8:37  Marauder  
  47  8:40  SCV x2  
  52  8:52  Marine  
  52  8:53  Marine  
  54  8:58  SCV x2  
  54  9:00  Medivac x2  
  60  9:03  Siege Tank  
  63  9:10  SCV x2, Engineering Bay  
  65  9:22  SCV x2  
  67  9:25  Armory, Orbital Command  
  67  9:26  Marine x3  
  67  9:27  Marauder  
  67  9:29  Concussive Shells  
  72  9:31  Medivac  
  72  9:34  SCV  
  72  9:36  Siege Tank  
  78  9:44  Supply Depot  
  78  9:48  Terran Infantry Weapons Level 1  
  78  9:51  Hi-Sec Auto Tracking  
  78  9:55  Supply Depot  
  78  9:57  SCV  
  80  10:06  Marine x3, Orbital Command  
  82  10:07  Marauder  
  84  10:24  Marine x3  
  84  10:26  Siege Tank  
  90  10:29  Marauder  
  90  10:31  Terran Vehicle Weapons Level 1  
  90  10:34  SCV x2  
  90  10:35  SCV  
  95  10:46  SCV x2  
  95  10:47  SCV  
  98  11:03  Refinery  
  99  11:04  SCV x3  
  99  11:05  Marine, Refinery  
  99  11:06  Marine x2, Marauder  
  99  11:08  Siege Tank  
  99  11:10  Terran Infantry Armor Level 2  
  109  11:16  SCV  
  110  11:21  Medivac  
  110  11:22  Medivac  
  114  11:27  Supply Depot  
  114  11:28  Supply Depot  
  114  11:32  Marine x2  
  114  11:33  Marine  
  117  11:43  Marauder  
  119  11:50  Supply Depot  
  119  11:51  Supply Depot  
  118  12:09  Marine  
  118  12:10  Marine x2, Marauder  
  118  12:11  Siege Tank  
  126  12:27  Marine x2  
  126  12:29  Barracks  
  128  12:32  Marauder  
  128  12:35  Barracks  
  130  12:38  Marine  
  131  12:45  Marine x2  
  131  12:46  Supply Depot  
  133  12:53  Marauder  
  133  12:56  Marine  
  136  13:03  Marine x2  
  138  13:08  Supply Depot  
  138  13:14  Marine, Marauder  
Tags
 
Add a new tag
Caveats
  • Supply blocks, unpowered buildings, or Contaminate may cause inaccurate times.
  • Supply counts are checked every 10 seconds.